AoeStats
← LM | TornardoBriese

Arena

509661803Analyzed
1v1 RM · 4d ago on Sep 27, 2026· 38m 35s· 2 players
Game mode
Random Map
Map size
Tiny (2 player)
Population
200
Speed
Normal
Resources
Standard
Victory
Conquest
Starting age
Dark Age
Ending age
Imperial Age
RankedLock teamsTeams togetherTeam positionsShared explorationLock speedFull tech treeHidden civsTurbo modeCheats
Victory
Defeat
🇨🇭 Burgundians · Switzerland
1148
+17
🇧🇬 Vikings · Bulgaria
1176
-17
LM | TornardoBriese
3:22 Double-Bit Axe
7:37 Horse Collar
11:19 Feudal Age
14:59 Castle Age
13:26 Bow Saw
15:07 Light Cavalry
16:37 Heavy Plow
17:25 Light Cavalry
21:25 Loom
22:31 Wheelbarrow
24:10 Husbandry
25:03 Cavalier
27:36 Scale Barding Armor
27:25 Gold Mining
30:18 Imperial Age
28:45 Chain Barding Armor
30:42 Forging
30:22 Paladin
31:38 Plate Barding Armor
32:31 Chemistry
32:47 Padded Archer Armor
33:07 Town Watch
34:27 Leather Archer Armor
34:41 Hand Cart
35:25 Conscription
36:04 Masonry
35:17 Elite Skirmisher
35:50 Fletching
37:42 Iron Casting
NoMad
10:11 Feudal Age
10:53 Double-Bit Axe
10:50 Horse Collar
13:28 Loom
17:20 Castle Age
16:05 Man-at-Arms
18:40 Gold Mining
19:53 Fletching
19:41 Light Cavalry
20:22 Crossbowman
21:08 Squires
21:33 Heavy Plow
22:12 Bodkin Arrow
25:38 Town Watch
26:38 Bow Saw
29:21 Fervor
28:45 Pikeman
29:27 Scale Mail Armor
29:37 Forging
30:24 Chain Mail Armor
32:18 Iron Casting
36:14 Imperial Age
34:48 Arson
38:04 Plate Mail Armor
38:57 Blast Furnace
38:52 Conscription
Connection lost

Rejoining the realm…

Still unreachable

The connection could not be restored.

Session expired

The server has moved on; the page needs a fresh start.